 Dungeon Sprint DCSS version 0.28.0-43-g3370ac3207 (webtiles) character file.

Game seed: 10458101430051409809

1962 boopmooplesden the Severer (level 9, -5/97 HPs)
             Began as a Minotaur Berserker on Mar 18, 2022.
             Was an Elder of Trog.
             Slain by a demonic crawler (8 damage)
             ... in the Dungeon (Sprint I: "Red Sonja").
             The game lasted 00:01:28 (768 turns).

boopmooplesden the Severer (Minotaur Berserker)      Turns: 768, Time: 00:01:29

Health: -5/97      AC:  5    Str: 22    XL:     9   Next: 0%
Magic:  8/8        EV: 15    Int:  4    God:    Trog [****..]
Gold:   270        SH:  0    Dex: 14    Spells: 8/8 levels left

rFire   + . .      SeeInvis .   a - +0 hand axe
rCold   . . .      Faith    .   (no shield)
rNeg    . . .      Spirit   .   j - +1 leather armour {rF+}
rPois   .          Reflect  .   (helmet restricted)
rElec   .          Harm     .   (no cloak)
rCorr   .          Rampage  .   (no gloves)
Will    .....      NoTele   +   (no boots)
Stlth   +.........              (no amulet)
HPRegen 0.26/turn               (no ring)
MPRegen 0.11/turn               (no ring)

@: on berserk cooldown, hasted and slowed
A: horns 2, retaliatory headbutt
a: Renounce Religion, Berserk, Trog's Hand, Brothers in Arms


You were in the Dungeon.
You worshipped Trog.
Trog was greatly pleased with you.
You visited 1 branch You collected 270 gold pieces.

Inventory:

Hand Weapons
 a - a +0 hand axe (weapon)
Armour
 b - a +0 animal skin
 j - a +1 leather armour of fire resistance (worn)
Wands
 i - a wand of digging (10)
Potions
 f - 2 potions of magic
 g - a potion of berserk rage


   Skills:
 + Level 15.2 Fighting
 + Level 15.3 Axes
 + Level 8.8 Armour
 + Level 7.6 Dodging


You had 8 spell levels left.
You didn't know any spells.
Your spell library was empty.

Dungeon Overview and Level Annotations

Branches:
Dungeon (1/1)

Altars:
Makhleb
Sif Muna
Wu Jian
Xom
Jiyva
Lugonu


Innate Abilities, Weirdness & Mutations

You have a pair of horns on your head.
You reflexively headbutt those who attack you in melee.


Message History

* * * LOW HITPOINT WARNING * * *
You headbutt the jelly!
You kill the jelly!
Trog accepts your kill.
You have reached level 9!
Your experience leads to an increase in your attributes!
Increase (S)trength, (I)ntelligence, or (D)exterity?
You feel agile. x2
You hit the demonic crawler but do no damage.
Your headbutt misses the demonic crawler.
The demonic crawler completely misses you.
The demonic crawler misses you. The demonic crawler hits you!
* * * LOW HITPOINT WARNING * * *
You slash the demonic crawler!
The demonic crawler is lightly wounded.
You hit the demonic crawler but do no damage.
You headbutt the demonic crawler, but do no damage.
The demonic crawler is lightly wounded.
The demonic crawler barely misses you. The demonic crawler hits you.
* * * LOW HITPOINT WARNING * * *
The demonic crawler hits you.
* * * LOW HITPOINT WARNING * * *
You are no longer berserk.
You are exhausted.
You feel yourself slow down.
There is an open door here.
You feel much better. The demonic crawler hits you!
* * * LOW HITPOINT WARNING * * *
The demonic crawler closely misses you.
The demonic crawler hits you but does no damage.
The demonic crawler misses you. The demonic crawler barely misses you.
The demonic crawler completely misses you.
You feel better. The demonic crawler closely misses you.
The demonic crawler hits you but does no damage.
The demonic crawler barely misses you. The demonic crawler hits you!
* * * LOW HITPOINT WARNING * * *
The demonic crawler misses you. The demonic crawler hits you.
* * * LOW HITPOINT WARNING * * *
You feel yourself speed up. The demonic crawler hits you!
You die...

##########################
#<.#..').#..@s.#__#..'s.§#
#..)..#..').#..)..'..#).§#
#..#####'#####.#__####...s..#
#..# #..# #(#### ####..+ #..#
#### #$# ## #..# _.' #⌠⌠# ._#
#### #+#


You could see a demonic crawler.

Vanquished Creatures
  2 demonic crawlers (D)
  A gargoyle (D)
  2 kobold demonologists (D)
  A slime creature (D)
  Sigmund (D)
  A floating eye (D)
  An ogre (D)
  A jelly (D)
  Ijyb (D)
11 creatures vanquished.

Notes
Turn   | Place    | Note
-------+----------+-------------------------------------------
     0 | D        | boopmooplesden the Minotaur Berserker began the quest for
                  | the Orb.
     0 | D        | Reached XP level 1. HP: 19/19 MP: 0/0
     1 | D        | Noticed Ijyb
    10 | D        | Killed Ijyb
    11 | D        | Reached skill level 5 in Fighting
    11 | D        | Reached skill level 5 in Axes
    11 | D        | Reached XP level 2. HP: 25/30 MP: 1/1
   236 | D        | Noticed an ogre
   239 | D        | Killed an ogre
   240 | D        | Reached XP level 3. HP: 40/40 MP: 2/2
   240 | D        | Reached XP level 4. HP: 48/48 MP: 3/3
   384 | D        | Noticed Sigmund
   389 | D        | Killed Sigmund
   389 | D        | Reached ** piety under Trog
   390 | D        | Reached skill level 10 in Axes
   390 | D        | Reached skill level 5 in Armour
   390 | D        | Reached XP level 5. HP: 58/58 MP: 4/4
   531 | D        | Found a burning altar of Makhleb.
   531 | D        | Found a viscous altar of Jiyva.
   531 | D        | Found a shimmering altar of Xom.
   531 | D        | Found a corrupted altar of Lugonu.
   531 | D        | Noticed a slime creature
   538 | D        | Killed a slime creature
   539 | D        | Reached skill level 5 in Dodging
   539 | D        | Reached XP level 6. HP: 68/68 MP: 5/5
   670 | D        | Noticed a kobold demonologist
   670 | D        | Noticed a floating eye
   671 | D        | Noticed a kobold demonologist
   673 | D        | Paralysed by a floating eye for 2 turns
   680 | D        | Paralysed by a floating eye for 3 turns
   688 | D        | Killed a floating eye
   689 | D        | Reached XP level 7. HP: 74/75 MP: 6/6
   690 | D        | Noticed a demonic crawler
   690 | D        | Noticed a demonic crawler
   690 | D        | Noticed a demonic crawler
   690 | D        | Noticed a demonic crawler
   697 | D        | Killed a kobold demonologist
   697 | D        | Reached *** piety under Trog
   701 | D        | Killed a kobold demonologist
   702 | D        | Reached XP level 8. HP: 57/86 MP: 7/7
   744 | D        | Noticed a gargoyle
   753 | D        | Killed a gargoyle
   754 | D        | Killed a demonic crawler
   754 | D        | Reached **** piety under Trog
   756 | D        | Found an ornate altar of the Wu Jian Council.
   756 | D        | Found a shimmering blue altar of Sif Muna.
   758 | D        | Killed a demonic crawler
   759 | D        | Reached skill level 15 in Fighting
   759 | D        | Reached skill level 15 in Axes
   762 | D        | Reached XP level 9. HP: 13/97 MP: 8/8
   762 | D        | HP: 7/145 [demonic crawler (7)]
   764 | D        | HP: 2/145 [demonic crawler (4)]
   768 | D        | Slain by a demonic crawler

Illustrated notes

Levels and vault maps discovered:
D:        dungeon_sprint_1 [red_sonja_temple_1, red_sonja_temple_small_1]

Skill      XL: |  1  2  3  4  5  6  7  8 |
---------------+-------------------------+-----
Fighting       | 5 7 9 11 13 15 | 15.2
Axes           | 5 7 10 11 12 13 15 | 15.3
Armour         | 3 4 5 6 7 8 |  8.8
Dodging        | 3 4 5 6 7 |  7.6

Action                   |  1- 3 |  4- 6 |  7- 9 || total
-------------------------+-------+-------+-------++-------
Melee: Hand axe          |    11 |    20 |    30 ||    61
       Headbutt          |     1 |     6 |     9 ||    16
Invok: Berserk           |     2 |     3 |     1 ||     6
  Use: Scroll            |       |       |     1 ||     1
       Potion            |       |       |     3 ||     3
Armor: Animal skin       |     1 |       |       ||     1
       Leather armour    |       |     2 |     4 ||     6
Dodge: Dodged            |     3 |    10 |    21 ||    34
